[Event "November 21 Late 2023"]
[Site "https://www.chess.com"]
[Date "2023.11.21"]
[Round "7"]
[White "Rasulov, Vugar"]
[Black "Margvelashvili, Giorgi"]
[Result "1-0"]
[Board "16"]
[TimeControl "180+1"]
[WhiteFideId "13402390"]
[BlackFideId "13602926"]
[WhiteElo "2517"]
[BlackElo "2549"]
[WhiteTeam "AZE"]
[BlackTeam "GEO"]
[WhiteClock "0:00:02"]
[BlackClock "0:00:05"]

1. e4 c6 2. d4 d5 3. e5 Bf5 4. Nd2 e6 5. Nb3 Nd7 6. Nf3 Ne7 7. Be2 Ng6 8. O-O f6 9. exf6 Qxf6 10. c4 Bd6 11. cxd5 exd5 12. Na5 Rb8 13. a3 O-O 14. b4 Be4 15. Ng5 Bxg2 16. Kxg2 Nf4+ 17. Bxf4 Qxf4 18. Nf3 Qg4+ 19. Kh1 Rxf3 20. Bxf3 Qf4 21. Bxd5+ cxd5 22. Qh5 Nf6 23. Qh3 b6 24. Nc6 Re8 25. Qg3 Qe4+ 26. Qg2 Qh4 27. Rae1 Rf8 28. Ne7+ Bxe7 29. Rxe7 Ng4 30. Re2 Rf5 31. f3 Nf6 32. Re5 Rf4 33. Qg3 Rxd4 34. Qxh4 Rxh4 35. Rc1 Rd4 36. Re7 h6 37. Rxa7 Nh5 38. Rcc7 Rd2 39. Kg1 d4 40. Rd7 d3 41. a4 Kh8 42. Ra8+ Kh7 43. Rf8 Kg6 44. a5 bxa5 45. bxa5 Kg5 46. a6 Ra2 47. Rd5+ Kh4 48. Rxd3 g5 49. Rd4+ Nf4 50. Rdxf4+ gxf4 51. Rf6 Kh3 52. Rxh6# 1-0

[Event "November 21 Late 2023"]
[Site "https://www.chess.com"]
[Date "2023.11.21"]
[Round "7"]
[White "Kamsky, Gata"]
[Black "Krzyzanowski, Marcin"]
[Result "1-0"]
[Board "18"]
[TimeControl "180+1"]
[WhiteFideId "2000024"]
[BlackFideId "1132199"]
[WhiteElo "2660"]
[BlackElo "2471"]
[WhiteTeam "USA"]
[BlackTeam "POL"]
[WhiteClock "0:00:53"]
[BlackClock "0:00:12"]

1. d4 d5 2. Bf4 c5 3. e3 cxd4 4. exd4 Nc6 5. c3 Bf5 6. Nd2 f6 7. Ngf3 g5 8. Be3 h5 9. Nb3 e6 10. Bd3 Nh6 11. Qe2 Qd7 12. O-O-O O-O-O 13. Rhe1 Bxd3 14. Qxd3 Nf5 15. Kb1 g4 16. Ng1 Bd6 17. g3 Kb8 18. Ne2 h4 19. Bf4 e5 20. dxe5 fxe5 21. Bg5 Be7 22. Bxe7 Nfxe7 23. f4 gxf3 24. Qxf3 Rdf8 25. Qd3 hxg3 26. hxg3 Rf2 27. Rh1 Rxh1 28. Rxh1 e4 29. Qe3 Rf3 30. Qh6 Nf5 31. Qh8+ Qd8 32. g4 Rf1+ 33. Nbc1 Rxh1 34. Qxh1 Ne3 35. Qh2+ Ka8 36. Qf4 Qg5 1-0

[Event "November 21 Late 2023"]
[Site "https://www.chess.com"]
[Date "2023.11.21"]
[Round "7"]
[White "Fiorito, Francisco"]
[Black "mind1mover"]
[Result "0-1"]
[Board "19"]
[TimeControl "180+1"]
[WhiteFideId "180165"]
[WhiteElo "2318"]
[BlackElo "2876"]
[WhiteTeam "ARG"]
[WhiteClock "0:00:03"]
[BlackClock "0:00:05"]

1. Nf3 Nc6 2. d4 Nf6 3. g3 g6 4. c4 Bg7 5. d5 Nb8 6. Nc3 d6 7. Bg2 Bg4 8. O-O Bxf3 9. exf3 O-O 10. f4 Nbd7 11. Re1 Nc5 12. Qc2 a5 13. b3 Nfd7 14. Bb2 a4 15. b4 a3 16. Bc1 Na4 17. Bd2 Nb2 18. Qe4 Nb6 19. Bf1 Re8 20. Rac1 Nd7 21. Nb5 Nf6 22. Qf3 Qd7 23. Nxa3 c6 24. dxc6 bxc6 25. Qb3 Qa7 26. Qxb2 Ne4 27. Bc3 Nxc3 28. Rxc3 Bxc3 29. Qxc3 Qxa3 30. Qd2 Qxa2 31. Qd4 Qa7 32. Qe4 Qb6 33. f5 Qxb4 34. Rb1 Qc5 35. Bd3 Ra2 36. Qf3 Ra3 37. Qe2 Qe5 38. Qf1 gxf5 39. Re1 Qf6 40. Bb1 Ra1 41. Qg2 Rb8 42. Qf1 Qc3 43. Rd1 Rb2 44. Bxf5 Rxd1 45. Qxd1 Qd2 46. Qg4+ Kf8 47. Qf3 Qc1+ 48. Kg2 Qh6 49. Qxc6 Qf6 50. Qc8+ Kg7 51. g4 e6 52. Be4 Qxf2+ 53. Kh3 Qxh2# 0-1

[Event "November 21 Late 2023"]
[Site "https://www.chess.com"]
[Date "2023.11.21"]
[Round "7"]
[White "Remizov, Yaroslav"]
[Black "Wadsworth, Matthew J"]
[Result "1-0"]
[Board "20"]
[TimeControl "180+1"]
[WhiteFideId "34134015"]
[BlackFideId "415804"]
[WhiteElo "2420"]
[BlackElo "2266"]
[WhiteTeam "RUS"]
[BlackTeam "ENG"]
[WhiteClock "0:01:06"]
[BlackClock "0:00:00"]

1. e4 e6 2. Nc3 d5 3. g3 Nf6 4. Bg2 d4 5. Nce2 c5 6. d3 Nc6 7. f4 e5 8. h3 Bd6 9. Nf3 Be6 10. f5 Bd7 11. O-O Qc7 12. c4 O-O-O 13. a3 Kb8 14. Bd2 Ng8 15. b4 cxb4 16. axb4 Bxb4 17. Bxb4 Nxb4 18. Qb3 a5 19. Rfb1 Ne7 20. Nd2 f6 21. Nc1 Nec6 22. c5 Be8 23. Qa4 Na7 24. Qxa5 Qxa5 25. Rxa5 Nc2 26. Nc4 Ne3 27. Nd6 Bc6 28. Nb3 Nc8 29. Nf7 Kc7 30. Nxh8 Rxh8 31. Ra8 g6 32. Na5 gxf5 33. Nxc6 Kxc6 34. exf5+ Nxg2 35. Kxg2 Re8 36. Rb8 Nd6 37. Rxe8 Nxe8 38. Rb6+ Kxc5 39. Rxb7 Nd6 40. Rxh7 Nxf5 41. h4 Kb4 42. Rc7 Nd6 43. h5 e4 44. dxe4 d3 45. Kf3 Nb5 46. Rd7 Kc3 47. Ke3 1-0

[Event "November 21 Late 2023"]
[Site "https://www.chess.com"]
[Date "2023.11.21"]
[Round "7"]
[White "Taher, Yoseph Theolifus"]
[Black "Sturt, Raven"]
[Result "1-0"]
[Board "21"]
[TimeControl "180+1"]
[WhiteFideId "7105347"]
[BlackFideId "2007304"]
[WhiteElo "2352"]
[BlackElo "2408"]
[WhiteTeam "INA"]
[BlackTeam "USA"]
[WhiteClock "0:01:26"]
[BlackClock "0:00:12"]

1. d4 f5 2. Nc3 Nf6 3. Bg5 d5 4. Bxf6 exf6 5. e3 Be6 6. Bd3 Qd7 7. Qf3 Nc6 8. Nge2 Nb4 9. Nf4 Nxd3+ 10. cxd3 c6 11. h4 Bf7 12. a3 O-O-O 13. b4 Kb8 14. Rb1 g5 15. Nfe2 f4 16. hxg5 fxg5 17. exf4 g4 18. Qg3 Qf5 19. f3 Rg8 20. Kd2 h5 21. fxg4 Rxg4 22. Qf3 Bh6 23. Rbf1 Rdg8 24. Nd1 R4g7 25. Ne3 Qf6 26. Qh3 Re8 27. Qf5 Qxf5 28. Nxf5 Rxg2 29. Ne3 Rgg8 30. Rfg1 Rgf8 31. Nf5 Rh8 32. Nd6 Ref8 33. Nxf7 Rxf7 34. Rxh5 Rfh7 35. Rgh1 Kc7 36. Kc2 Kd7 37. Ng3 Rg8 38. Nf5 Rg2+ 39. Kc3 Rf2 40. Rxh6 Rxh6 41. Rxh6 Rxf4 42. Rh7+ Ke6 43. Ne3 Rf3 44. Ng4 1-0

[Event "November 21 Late 2023"]
[Site "https://www.chess.com"]
[Date "2023.11.21"]
[Round "7"]
[White "Eljanov, Pavel"]
[Black "elmusmolamas"]
[Result "1-0"]
[Board "22"]
[TimeControl "180+1"]
[WhiteFideId "14102951"]
[WhiteElo "2598"]
[BlackElo "2592"]
[WhiteTeam "UKR"]
[WhiteClock "0:01:42"]
[BlackClock "0:00:14"]

1. e4 c6 2. d4 g6 3. h4 d5 4. exd5 cxd5 5. h5 Bg7 6. c3 Nc6 7. Bd3 a6 8. Nf3 Bg4 9. h6 Bf6 10. Bf4 Qd7 11. Nbd2 Qe6+ 12. Kf1 Bf5 13. Be2 Qd7 14. Ne5 Qc8 15. g4 Bxe5 16. dxe5 Be6 17. Nb3 f6 18. Nd4 fxe5 19. Nxc6 exf4 20. Ne5 Nf6 21. Qd4 O-O 22. g5 Ne8 23. Nxg6 Rf7 24. Qh8# 1-0

[Event "November 21 Late 2023"]
[Site "https://www.chess.com"]
[Date "2023.11.21"]
[Round "7"]
[White "Vadim_Galchenko"]
[Black "Pakleza, Zbigniew"]
[Result "1-0"]
[Board "23"]
[TimeControl "180+1"]
[BlackFideId "1119290"]
[WhiteElo "2558"]
[BlackElo "2410"]
[BlackTeam "POL"]
[WhiteClock "0:00:06"]
[BlackClock "0:00:00"]

1. e4 d6 2. d4 Nf6 3. Nc3 c6 4. f4 Qb6 5. Nf3 Bg4 6. Bd3 e5 7. fxe5 dxe5 8. dxe5 Nfd7 9. h3 Bxf3 10. Qxf3 Nxe5 11. Qg3 Nbd7 12. Bf4 Qxb2 13. Kd2 Nxd3 14. Rhb1 Qxa1 15. Rxa1 Nxf4 16. Qxf4 Bb4 17. Rb1 Ba5 18. Rxb7 Rd8 19. Qd6 Bb6 20. Qxc6 O-O 21. Ke2 Ne5 22. Qb5 Ng6 23. Nd5 Rfe8 24. Qb3 Rxe4+ 25. Kd3 Rd4+ 26. Kc3 R4xd5 27. Kb2 h6 28. c3 Rd2+ 29. Ka3 Bc5+ 30. Ka4 Ne5 31. Rc7 Bd6 32. Rxa7 Rxg2 33. Qd5 Rg6 34. Ra6 Rf6 35. Qb3 Ng6 36. Qb6 Be7 37. Qb7 Rf4+ 38. Kb3 Bf6 39. Ra8 Rxa8 40. Qxa8+ Kh7 41. a4 Ne5 42. a5 Nd7 43. Qc6 Ne5 44. Qd5 Rf1 45. Qe4+ g6 46. Kb2 Rf2+ 47. Kb3 Rf1 48. Kb2 Rd1 49. a6 Rd7 50. Qa8 Nc4+ 51. Kb3 Nb6 52. Qc6 Re7 53. Qxb6 Re6 54. Qb5 Re3 55. Qb7 Rxc3+ 56. Kb4 Kg7 57. a7 Rc1 58. a8=Q Rb1+ 59. Kc4 Rc1+ 60. Kd5 Rf1 61. Ke4 h5 62. Qaa7 Bg5 63. Kd3 h4 64. Qd4+ Bf6 65. Qdd7 Bg5 66. Ke2 Rf4 67. Qb2+ Bf6 68. Qb3 Bg5 69. Qbd5 1-0

[Event "November 21 Late 2023"]
[Site "https://www.chess.com"]
[Date "2023.11.21"]
[Round "7"]
[White "Koksal, Ege"]
[Black "Paravyan, David"]
[Result "0-1"]
[Board "24"]
[TimeControl "180+1"]
[WhiteFideId "6317626"]
[BlackFideId "4194985"]
[WhiteElo "2230"]
[BlackElo "2566"]
[WhiteTeam "TUR"]
[BlackTeam "FID"]
[WhiteClock "0:00:05"]
[BlackClock "0:01:48"]

1. c4 e6 2. Nc3 d5 3. d4 Nf6 4. Nf3 c5 5. cxd5 cxd4 6. Qxd4 exd5 7. e4 Nc6 8. Bb5 dxe4 9. Qxd8+ Kxd8 10. Ng5 Be6 11. Nxe6+ fxe6 12. Bxc6 bxc6 13. Bg5 Bb4 14. O-O-O+ Kc7 15. Bxf6 gxf6 16. Nxe4 f5 17. Ng5 Rae8 18. f4 Rhg8 19. g3 e5 20. Nxh7 Rg6 21. Ng5 exf4 22. gxf4 Bd6 23. Rhf1 Bxf4+ 24. Rxf4 Rxg5 25. h4 Rg2 26. Rd2 Rg1+ 27. Kc2 Re5 28. Rh2 Rc5+ 29. Kb3 Rg3+ 30. Ka4 Kb6 31. h5 Ra5+ 32. Kb4 c5+ 33. Kc4 Ra4+ 34. Kd5 Rxf4 35. h6 Rg8 36. Ke5 Rd4 37. Kxf5 Rd7 38. h7 Rh8 39. Kg6 c4 40. Rh5 a6 41. a3 Rdxh7 42. Rxh7 Rxh7 43. Kxh7 Kb5 44. Kg6 Ka4 45. Kf5 Kb3 0-1

[Event "November 21 Late 2023"]
[Site "https://www.chess.com"]
[Date "2023.11.21"]
[Round "7"]
[White "Vlassov, Nikolai"]
[Black "Galchenko, Matvey"]
[Result "0-1"]
[Board "25"]
[TimeControl "180+1"]
[WhiteFideId "4103360"]
[BlackFideId "24175480"]
[WhiteElo "2324"]
[BlackElo "2406"]
[WhiteTeam "FID"]
[BlackTeam "FID"]
[WhiteClock "0:00:37"]
[BlackClock "0:01:17"]

1. e4 e6 2. d4 d5 3. e5 c5 4. c3 Qb6 5. Nf3 Nc6 6. Be2 cxd4 7. cxd4 Nh6 8. Bxh6 Qxb2 9. Nbd2 gxh6 10. Rb1 Qxa2 11. O-O Bg7 12. Nb3 O-O 13. Qd3 Qa3 14. Bd1 f5 15. exf6 Bxf6 16. Bc2 Qe7 17. Nc5 Qg7 18. Rfd1 b6 19. Ba4 Nxd4 20. Nxd4 bxc5 21. Bc6 Bxd4 22. Bxa8 Rxf2 23. Qg3 Rf3+ 24. Rxd4 Rxg3 25. Rd2 Ra3 26. Rb8 Ra1+ 27. Kf2 Qf8+ 28. Kg3 Qd6+ 0-1

[Event "November 21 Late 2023"]
[Site "https://www.chess.com"]
[Date "2023.11.21"]
[Round "7"]
[White "Rustemov, Alexander"]
[Black "Banzea, Alexandru-Bogdan"]
[Result "1-0"]
[Board "26"]
[TimeControl "180+1"]
[WhiteFideId "4119002"]
[BlackFideId "1232622"]
[WhiteElo "2859"]
[BlackElo "2294"]
[WhiteTeam "RUS"]
[BlackTeam "ROU"]
[WhiteClock "0:00:56"]
[BlackClock "0:00:00"]

1. d4 Nf6 2. c4 g6 3. g3 Bg7 4. Bg2 O-O 5. Nc3 d6 6. Nf3 Nc6 7. O-O e5 8. h3 a6 9. Be3 h6 10. dxe5 dxe5 11. Qc1 Kh7 12. Rd1 Bd7 13. Nd5 Ng8 14. Qd2 Be6 15. Rac1 f5 16. b4 e4 17. Nd4 Bxd5 18. cxd5 Nxd4 19. Bxd4 Bxd4 20. Qxd4 Rf7 21. f3 exf3 22. Bxf3 Qd6 23. Qf4 Rd8 24. Rc5 b6 25. Rc6 Qxc6 26. dxc6 Rxd1+ 27. Kf2 Rd6 28. a4 Re7 29. Qc4 a5 30. bxa5 bxa5 31. Qc5 Nf6 32. Qxa5 Ne4+ 33. Kg2 Rxc6 34. Qb4 Re5 35. Qf8 Rf6 36. Qb8 Rf7 37. Qb4 c5 38. Qb8 Ree7 39. h4 Rb7 40. Qe8 h5 41. Bxe4 Rbe7 42. Qc8 Rxe4 43. a5 1-0

[Event "November 21 Late 2023"]
[Site "https://www.chess.com"]
[Date "2023.11.21"]
[Round "7"]
[White "Bazeev, German"]
[Black "Gimenez Aguirre, Alejo Ismael"]
[Result "0-1"]
[Board "27"]
[TimeControl "180+1"]
[WhiteFideId "24119350"]
[BlackFideId "32041667"]
[WhiteElo "2418"]
[BlackElo "2165"]
[WhiteTeam "RUS"]
[BlackTeam "ARG"]
[WhiteClock "0:00:26"]
[BlackClock "0:00:43"]

1. d4 Nf6 2. Nf3 e6 3. c4 Bb4+ 4. Bd2 Bxd2+ 5. Nbxd2 d5 6. g3 b6 7. Bg2 Bb7 8. cxd5 Bxd5 9. O-O O-O 10. Qc2 Bb7 11. Rfd1 Nbd7 12. b4 Qe7 13. Qb2 Rfc8 14. Nc4 Bd5 15. Ne3 Be4 16. Rac1 Nd5 17. Nxd5 exd5 18. e3 h5 19. b5 a6 20. a4 axb5 21. axb5 Ra5 22. Nd2 Bxg2 23. Kxg2 Nf6 24. Rc2 Rca8 25. Rdc1 R8a7 26. Qb1 h4 27. Rc6 Qd7 28. Qd3 Ra3 29. R1c3 Ra2 30. Rc2 h3+ 31. Kf1 Rxc2 32. Qxc2 Ng4 33. Nf3 Ra1+ 34. Ke2 g6 35. Rxc7 Qxb5+ 36. Kd2 Nxf2 0-1

[Event "November 21 Late 2023"]
[Site "https://www.chess.com"]
[Date "2023.11.21"]
[Round "7"]
[White "TheKnightOfBosnia"]
[Black "Beerdsen, Thomas"]
[Result "0-1"]
[Board "28"]
[TimeControl "180+1"]
[BlackFideId "1030108"]
[WhiteElo "2621"]
[BlackElo "2550"]
[BlackTeam "NED"]
[WhiteClock "0:00:03"]
[BlackClock "0:01:47"]

1. e4 e5 2. Nf3 Nc6 3. Bb5 f5 4. d4 fxe4 5. Nxe5 Nxe5 6. dxe5 c6 7. Bc4 Qa5+ 8. Nc3 Qxe5 9. O-O Nf6 10. Re1 d5 11. Be2 Bc5 12. Na4 Bd6 13. g3 Qf5 14. c4 O-O 15. Be3 b6 16. Rc1 Be6 17. a3 Rad8 18. c5 bxc5 19. Nxc5 Bc8 20. Rf1 Qh3 21. Qb3 Ng4 22. Bxg4 Bxg4 23. f3 exf3 24. Rf2 Kh8 25. Re1 Bxg3 26. hxg3 Qxg3+ 27. Kh1 Bh3 28. Nd3 Bg2+ 29. Kg1 Qh3 30. Rd2 d4 31. Bf4 Rxf4 32. Nxf4 Qh1+ 33. Kf2 Qh4+ 0-1

[Event "November 21 Late 2023"]
[Site "https://www.chess.com"]
[Date "2023.11.21"]
[Round "7"]
[White "Yeletsky, Ivan"]
[Black "Milchev, Nikolay"]
[Result "1-0"]
[Board "29"]
[TimeControl "180+1"]
[WhiteFideId "24180327"]
[BlackFideId "2906090"]
[WhiteElo "2358"]
[BlackElo "2449"]
[WhiteTeam "RUS"]
[BlackTeam "ENG"]
[WhiteClock "0:00:41"]
[BlackClock "0:00:42"]

1. e4 e5 2. Nf3 Nc6 3. Bc4 Nf6 4. d3 h6 5. O-O d6 6. Nc3 g5 7. a4 Bg7 8. a5 a6 9. Nd5 Nxd5 10. Bxd5 Ne7 11. Bb3 O-O 12. d4 Ng6 13. dxe5 dxe5 14. Qxd8 Rxd8 15. Be3 g4 16. Nd2 Nf4 17. Rfe1 Bd7 18. Ba4 Bf8 19. Bxd7 Rxd7 20. Nb3 Ne6 21. Kf1 Rad8 22. Ke2 Nf4+ 23. Bxf4 exf4 24. f3 h5 25. h3 g3 26. Rad1 f6 27. Rxd7 Rxd7 28. Rd1 Rxd1 29. Kxd1 Kf7 30. Ke2 b5 31. axb6 cxb6 32. Kd3 Ke6 33. Nd4+ Ke5 34. Nc6+ Kd6 35. Nb4 a5 36. Nd5 b5 37. Nxf4 h4 38. Ng6 Bh6 39. Nxh4 Bc1 40. Nf5+ Kc5 41. Kc3 a4 42. b4+ axb3 43. cxb3 Bf4 44. h4 Be5+ 45. Kc2 Kc6 46. h5 Kd7 47. h6 1-0

[Event "November 21 Late 2023"]
[Site "https://www.chess.com"]
[Date "2023.11.21"]
[Round "7"]
[White "Statham_l3"]
[Black "Khamrakulov, Djurabek"]
[Result "0-1"]
[Board "30"]
[TimeControl "180+1"]
[BlackFideId "14201143"]
[WhiteElo "2596"]
[BlackElo "2535"]
[BlackTeam "UZB"]
[WhiteClock "0:00:00"]
[BlackClock "0:01:49"]

1. e4 Nc6 2. Nc3 Nf6 3. d4 d5 4. e5 Ne4 5. Nce2 h6 6. h4 Bf5 7. f3 Nb4 8. c3 Nxc3 9. Nxc3 Nc2+ 10. Kf2 Nxa1 11. g4 Bh7 12. Bd3 Bxd3 13. Qxd3 c6 14. Nge2 Qb6 15. b3 e6 16. Be3 Nxb3 17. Rb1 Qd8 18. Rxb3 Qxh4+ 19. Kf1 Qe7 20. Bc1 Qd7 21. f4 h5 22. g5 g6 23. Kg2 b5 24. a4 a6 25. Nd1 Be7 26. Nf2 O-O 27. a5 Rfc8 28. Ng3 c5 29. dxc5 Rxc5 30. Qf3 Rxc1 31. Nxh5 Qc6 32. Ng4 gxh5 33. Nh6+ Kg7 34. Qxh5 Qc2+ 35. Kh3 Rh1+ 36. Kg4 Qg2+ 0-1

[Event "November 21 Late 2023"]
[Site "https://www.chess.com"]
[Date "2023.11.21"]
[Round "7"]
[White "Xu, Yi"]
[Black "Leiva, Gianmarco"]
[Result "1-0"]
[Board "31"]
[TimeControl "180+1"]
[WhiteFideId "8605564"]
[BlackFideId "3804399"]
[WhiteElo "2460"]
[BlackElo "2335"]
[WhiteTeam "CHN"]
[BlackTeam "PER"]
[WhiteClock "0:00:37"]
[BlackClock "0:00:02"]

1. e4 g6 2. d4 Bg7 3. Nc3 d6 4. f4 a6 5. Nf3 b5 6. Bd3 Bb7 7. e5 Nh6 8. Qe2 O-O 9. Be3 Nd7 10. O-O-O c5 11. dxc5 dxc5 12. Be4 Bxe4 13. Nxe4 Qc7 14. h4 Nf5 15. g4 Nxe3 16. Qxe3 Nb6 17. h5 Rad8 18. Rxd8 Rxd8 19. hxg6 hxg6 20. Nfg5 Nd5 21. Qf2 c4 22. Qh2 c3 23. e6 cxb2+ 24. Kb1 Qc4 25. exf7+ Kf8 26. Qh8+ Bxh8 27. Rxh8+ Kg7 28. Rh7+ 1-0

[Event "November 21 Late 2023"]
[Site "https://www.chess.com"]
[Date "2023.11.21"]
[Round "7"]
[White "Elgersma, Onno"]
[Black "Tatarinov, Dmitry"]
[Result "1-0"]
[Board "32"]
[TimeControl "180+1"]
[WhiteFideId "1053531"]
[BlackFideId "24160067"]
[WhiteElo "2251"]
[BlackElo "2344"]
[WhiteTeam "NED"]
[BlackTeam "RUS"]
[WhiteClock "0:00:02"]
[BlackClock "0:00:00"]

1. g3 d5 2. Bg2 Nf6 3. d3 c5 4. Nf3 Nc6 5. O-O e6 6. c4 Be7 7. Bf4 O-O 8. Nc3 d4 9. Na4 Nd7 10. a3 e5 11. Bc1 a5 12. e3 Re8 13. Re1 Bf8 14. Nd2 Qc7 15. Ne4 h6 16. g4 b6 17. g5 hxg5 18. Nxg5 Bb7 19. Qh5 Nf6 20. Qh4 dxe3 21. Rxe3 g6 22. Bd5 Nd8 23. Rf3 Bg7 24. Rxf6 Bxf6 25. Qh7+ Kf8 26. Nxf7 Bxd5 27. Bh6+ Ke7 28. Ng5+ Kd6 29. Qxg6 Qe7 30. cxd5 Kc7 31. d6+ Qxd6 32. Ne4 Qc6 33. Nxf6 Re6 34. Qg7+ Kb8 35. Nd7+ Kc8 36. Ndxb6+ Kb8 37. Nd7+ Kc8 38. Ndb6+ Kb8 39. Nd7+ Kc8 40. Nab6+ Kb7 41. Nxa8 Kxa8 42. Nxe5 Qd6 43. Ng4 Rg6 44. Qc3 Rxg4+ 45. Kf1 1-0

[Event "November 21 Late 2023"]
[Site "https://www.chess.com"]
[Date "2023.11.21"]
[Round "7"]
[White "Ghasi, Ameet K"]
[Black "Erzhanov, Arman"]
[Result "1/2-1/2"]
[Board "33"]
[TimeControl "180+1"]
[WhiteFideId "409200"]
[BlackFideId "4138821"]
[WhiteElo "2558"]
[BlackElo "2171"]
[WhiteTeam "ENG"]
[BlackTeam "KAZ"]
[WhiteClock "0:00:03"]
[BlackClock "0:00:07"]

1. g3 c5 2. Bg2 Nc6 3. c3 e5 4. e4 g6 5. Ne2 Bg7 6. O-O Nge7 7. d3 O-O 8. f4 d6 9. Na3 f5 10. fxe5 dxe5 11. Nc4 Be6 12. Be3 b6 13. Qc2 Qc7 14. Rad1 Rad8 15. a4 h6 16. Bc1 Kh7 17. Ne3 f4 18. Nc4 g5 19. b3 Ng6 20. Rf2 g4 21. d4 cxd4 22. cxd4 f3 23. d5 fxe2 24. Qxe2 Rxf2 25. Kxf2 Nd4 26. Rxd4 exd4 27. dxe6 d3 28. Qxg4 Bd4+ 29. Ke1 Bc3+ 30. Kd1 Qc5 31. Qf5 Qg1+ 32. Qf1 Qxf1+ 33. Bxf1 Kg7 34. Ne3 Ne5 35. Nd5 Bd4 36. e7 Re8 37. Bf4 Kf7 38. Bh3 Ng6 39. Bd7 Rxe7 40. Nxe7 Nxe7 41. Bxh6 Ng6 42. Bf5 Ne5 43. Bf4 Nf3 44. h4 Bc3 45. Bg4 Nd4 46. e5 Nxb3 47. e6+ Ke7 48. Bg5+ Bf6 49. Be3 Nc5 50. Bxc5+ bxc5 51. Bf5 c4 52. h5 Bg5 53. g4 Kd6 54. Ke1 a5 55. Kd1 Ke5 56. h6 Kd6 57. h7 Bf6 58. g5 Bg7 59. g6 Ke7 60. Kd2 Kd6 61. Ke3 Ke7 62. Ke4 Kd6 63. Ke3 Bh8 64. Bg4 Bg7 65. Ke4 Bf6 66. Kf5 Bg7 67. Ke4 Bf6 68. Ke3 Bg7 69. Bf3 Bf6 70. Bg4 Bg7 1/2-1/2

[Event "November 21 Late 2023"]
[Site "https://www.chess.com"]
[Date "2023.11.21"]
[Round "7"]
[White "Jovic, Stanoje"]
[Black "Wagner, Dennis"]
[Result "0-1"]
[Board "34"]
[TimeControl "180+1"]
[WhiteFideId "905020"]
[BlackFideId "24650684"]
[WhiteElo "2249"]
[BlackElo "2482"]
[WhiteTeam "SRB"]
[BlackTeam "GER"]
[WhiteClock "0:00:00"]
[BlackClock "0:00:04"]

1. c4 g6 2. g3 Bg7 3. Bg2 c5 4. Nc3 Nc6 5. Nf3 d6 6. O-O e5 7. Ne1 Be6 8. Qa4 Ne7 9. Nc2 O-O 10. Ne3 a6 11. Ned5 Rb8 12. d3 b5 13. Qxa6 Nxd5 14. Nxd5 Nd4 15. e3 Nc2 16. Rb1 Bxd5 17. Bxd5 Nb4 18. Qa7 bxc4 19. dxc4 Nxd5 20. cxd5 Ra8 21. Qb7 Rxa2 22. b4 cxb4 23. Qxb4 Qd7 24. Ba3 Rd8 25. Qb3 Rd2 26. Bb4 Rb8 27. Bxd2 Rxb3 28. Rxb3 h5 29. h4 g5 30. Rb8+ Kh7 31. hxg5 h4 32. Kg2 hxg3 33. fxg3 Kg6 34. e4 Qg4 35. Rb4 Bf8 36. Rf6+ Kg7 37. Rf3 Be7 38. Rb7 Kf8 39. g6 Qxg6 40. Rb4 Kg7 41. Be3 Bd8 42. Rb7 Bf6 43. Rb4 Qg4 44. Bh6+ Kg6 45. Be3 Be7 46. Bf2 Bd8 47. Rb8 Bf6 48. Rg8+ Bg7 49. Rd8 Qxe4 50. Rxd6+ f6 51. Rd7 Qe2 52. d6 Qe4 53. Re7 Qd5 54. d7 Bh6 55. g4 Bg5 56. Be3 Bxe3 57. Kg3 Bb6 58. g5 fxg5 59. Rff7 Bd8 60. Rg7+ Kf6 61. Rgf7+ Qxf7 0-1

[Event "November 21 Late 2023"]
[Site "https://www.chess.com"]
[Date "2023.11.21"]
[Round "7"]
[White "Jarmula, Lukasz"]
[Black "Vafin, Ayrat"]
[Result "1-0"]
[Board "35"]
[TimeControl "180+1"]
[WhiteFideId "1160664"]
[BlackFideId "4146530"]
[WhiteElo "2372"]
[BlackElo "2317"]
[WhiteTeam "POL"]
[BlackTeam "RUS"]
[WhiteClock "0:01:50"]
[BlackClock "0:00:14"]

1. c4 e6 2. Nc3 d5 3. d4 Be7 4. Nf3 Nf6 5. g3 O-O 6. Bg2 c6 7. Qd3 Nbd7 8. O-O b6 9. b3 Ba6 10. e4 dxc4 11. bxc4 e5 12. Ne2 Nc5 13. Qc2 exd4 14. Nexd4 Qc8 15. e5 Nfd7 16. Ba3 Re8 17. Rfe1 Bf8 18. Ng5 g6 19. Bxc6 Ne6 20. Ngxe6 fxe6 21. Bxf8 Rxf8 22. Bxa8 Qxa8 23. Nxe6 Rc8 24. Qe4 Bb7 25. Qh4 Bh1 26. Nf4 Rxc4 27. Qh3 Qf3 28. Qe6+ Kg7 29. Qxc4 g5 30. Qd5 gxf4 31. Qxf3 Bxf3 32. gxf4 Nc5 33. e6 1-0

[Event "November 21 Late 2023"]
[Site "https://www.chess.com"]
[Date "2023.11.21"]
[Round "7"]
[White "Pinto, Daniel"]
[Black "Nazari, Arad"]
[Result "0-1"]
[Board "36"]
[TimeControl "180+1"]
[WhiteFideId "3303144"]
[BlackFideId "12577324"]
[WhiteElo "2149"]
[BlackElo "2100"]
[WhiteTeam "BOL"]
[BlackTeam "IRI"]
[WhiteClock "0:00:00"]
[BlackClock "0:00:25"]

1. e4 c5 2. Nf3 d6 3. c3 Nf6 4. Be2 g6 5. O-O Bg7 6. Bb5+ Nbd7 7. Re1 O-O 8. d4 a6 9. Bf1 cxd4 10. cxd4 b5 11. a4 Bb7 12. Nbd2 bxa4 13. Rxa4 Nb6 14. Ra3 Qc7 15. Rc3 Qb8 16. Rb3 Qa7 17. e5 dxe5 18. dxe5 Ng4 19. h3 Nh6 20. Ne4 Rfd8 21. Qc2 Rac8 22. Qb1 Bd5 23. Rb4 a5 24. Rd4 Nf5 25. Rdd1 Nc4 26. g4 Nh6 27. b3 Nb6 28. Bg5 Kf8 29. Bg2 Qb7 30. Nf6 Bxf3 31. Rxd8+ Rxd8 32. Bxf3 Qxf3 33. Nxh7+ Kg8 34. Bxe7 Rd2 0-1

[Event "November 21 Late 2023"]
[Site "https://www.chess.com"]
[Date "2023.11.21"]
[Round "7"]
[White "Van Dael, Siem"]
[Black "Zakaryan, David"]
[Result "1-0"]
[Board "37"]
[TimeControl "180+1"]
[WhiteFideId "1049771"]
[BlackFideId "24101923"]
[WhiteElo "2252"]
[BlackElo "2323"]
[WhiteTeam "NED"]
[BlackTeam "RUS"]
[WhiteClock "0:00:04"]
[BlackClock "0:00:03"]

1. e4 c5 2. Nf3 Nc6 3. d4 cxd4 4. Nxd4 Qc7 5. Nc3 e6 6. Be3 a6 7. Qd2 Nf6 8. f3 b5 9. O-O-O Bb7 10. Kb1 Ne5 11. Nb3 Rc8 12. Bd4 Be7 13. Qg5 Ng6 14. Qd2 O-O 15. h4 e5 16. Be3 d5 17. h5 d4 18. hxg6 dxe3 19. gxf7+ Rxf7 20. Qc1 b4 21. Nd5 Nxd5 22. exd5 Bg5 23. Bd3 e2 24. Bxh7+ Kf8 25. Qxg5 exd1=Q+ 26. Rxd1 Rd8 27. Be4 Qd6 28. Na5 Ba8 29. Nc4 Qf6 30. Qh5 Qh6 31. Qxe5 Qf4 32. Qxf4 Rxf4 33. Ne3 Rf6 34. c4 bxc3 35. bxc3 Rb6+ 36. Kc2 Rdb8 37. c4 Rb2+ 38. Kc3 Rxa2 39. Rh1 Ra3+ 40. Kd4 Ke7 41. Rh7 Kf6 42. Ng4+ Kg5 43. Rxg7+ Kf4 44. Ne5 Rg8 45. g3# 1-0

[Event "November 21 Late 2023"]
[Site "https://www.chess.com"]
[Date "2023.11.21"]
[Round "7"]
[White "Tologon tegin, Semetei"]
[Black "Korchmar, Vasiliy"]
[Result "1-0"]
[Board "38"]
[TimeControl "180+1"]
[WhiteFideId "13800574"]
[BlackFideId "24131750"]
[WhiteElo "2258"]
[BlackElo "2372"]
[WhiteTeam "KGZ"]
[BlackTeam "RUS"]
[WhiteClock "0:01:14"]
[BlackClock "0:00:15"]

1. d4 Nf6 2. c4 e6 3. Nc3 d5 4. cxd5 exd5 5. Bg5 c6 6. e3 h6 7. Bh4 Be7 8. Bd3 Nbd7 9. Qc2 Nf8 10. Nge2 Ne6 11. O-O O-O 12. Rad1 Bd7 13. f3 c5 14. dxc5 Nxc5 15. Bf5 Be6 16. Kh1 Rc8 17. e4 Bxf5 18. exf5 Qa5 19. Bxf6 Bxf6 20. Nxd5 Qxa2 21. Nxf6+ gxf6 22. Rd4 Kh7 23. Rh4 Rh8 24. Qd2 Kg7 25. Ng3 Qa6 26. Nh5+ Kh7 27. Rg1 Rc6 28. Rg4 Rg8 29. Rxg8 Kxg8 30. Qxh6 1-0

[Event "November 21 Late 2023"]
[Site "https://www.chess.com"]
[Date "2023.11.21"]
[Round "7"]
[White "Sydoryka, Vladyslav"]
[Black "Musovic, Armin"]
[Result "1-0"]
[Board "39"]
[TimeControl "180+1"]
[WhiteFideId "14145928"]
[BlackFideId "939935"]
[WhiteElo "2271"]
[BlackElo "2322"]
[WhiteTeam "UKR"]
[BlackTeam "MNE"]
[WhiteClock "0:01:47"]
[BlackClock "0:00:58"]

1. c4 e6 2. g3 d5 3. Bg2 Nf6 4. Nf3 Be7 5. O-O O-O 6. b3 Nc6 7. Bb2 Re8 8. d4 a5 9. a3 a4 10. cxd5 exd5 11. bxa4 Na5 12. Ne5 c6 13. Nc3 h5 14. e4 h4 15. exd5 cxd5 16. Re1 Qb6 17. Rb1 Bf5 18. Nxd5 Nxd5 19. Bxd5 Bxb1 20. Bxf7+ Kf8 21. Qh5 Qh6 22. Nd7# 1-0